 Dungeon Crawl Stone Soup version 0.27-a0-1177-g245c70e1c0 (webtiles) character file.

Game seed: 14060602352276962975

50 jasper the Insei (level 3, 0/27 HPs)
             Began as a Demonspawn Wanderer on May 16, 2021.
             Slain by a bat (1 damage)
             ... on level 2 of the Dungeon.
             The game lasted 00:03:19 (2397 turns).

jasper the Insei (Demonspawn Wanderer)              Turns: 2397, Time: 00:03:19

Health: 0/27       AC:  3    Str:  8    XL:     3   Next: 55%
Magic:  3/3        EV: 10    Int: 17    God:
Gold:   38         SH:  0    Dex: 13    Spells: 0/2 levels left

rFire    . . .     SeeInvis .     - Unarmed
rCold    . . .     Faith    .   (no shield)
rNeg     . . .     Spirit   .   k - +0 leather armour
rPois    .         Reflect  .   (no helmet)
rElec    .         Harm     .   (no cloak)
rCorr    .         Rampage  .   (no gloves)
Will     .....                  (no boots)
Stlth    ++........             (no amulet)
HPRegen  0.09/turn              m - ring of wizardry
MPRegen  0.08/turn              (no ring)

@: on berserk cooldown, slowed, invisible, very slow
A: claws 1
a: no special abilities


You were on level 2 of the Dungeon.
You visited 1 branch of the dungeon, and saw 2 of its levels.

You collected 38 gold pieces.

Inventory:

Hand Weapons
 a - a +2 dagger
 c - a +1 quarterstaff
 d - a +0 falchion
Missiles
 h - 42 stones (quivered)
 l - 22 bolts
Armour
 e - a +0 robe
 k - a +0 leather armour (worn)
Jewellery
 m - a ring of wizardry (left claw)
 o - a ring of ice
Scrolls
 f - a scroll of enchant weapon
 n - a scroll of vulnerability {unknown}
Potions
 i - a potion of degeneration {unknown}
 j - a potion of heal wounds {unknown}


   Skills:
 + Level 2.1 Fighting
 - Level 1.7 Long Blades
 - Level 1.7 Axes
 - Level 1.4 Staves
 - Level 1.7 Throwing
 - Level 1.7 Stealth
 * Level 2.1 Unarmed Combat
 + Level 0.2 Spellcasting


You couldn't memorise any spells.
You knew the following spells:

 Your Spells              Type           Power      Damage    Failure   Level
a - Blink                 Tloc           N/A        N/A       21%         2

Your spell library contained the following spells:

 Spells                   Type           Power      Damage    Failure   Level
 Magic Dart               Conj           0%         1d3       14%         1
 Call Imp                 Summ           0%         N/A       21%         2
 Searing Ray              Conj           0%         3d3       21%         2
 Slow                     Hex            0%         N/A       21%         2
 Conjure Flame            Conj/Fire      0%         6-21      38%         3
 Dazzling Flash           Conj/Hex       0%         N/A       38%         3
 Mephitic Cloud           Conj/Pois/Air  0%         N/A       38%         3
 Fulminant Prism          Conj/Hex       0%         3d6       77%         4
 Iskenderun's Mystic Bla  Conj/Tloc      0%         2d3       77%         4


Dungeon Overview and Level Annotations

Branches:
Dungeon (2/15)

Altars:


Innate Abilities, Weirdness & Mutations

You have sharp fingernails.


Message History

The adder poisons you! The adder barely misses you.
You take 3 damage, and have 11/27 hp.
You scratch the adder but do no damage.
The adder is severely wounded.
You feel sick. The bat barely misses you. The adder barely misses you.
You take 2 damage, and have 9/27 hp.
You scratch the adder.
You kill the adder!
* * * LOW HITPOINT WARNING * * *
You feel sick. The bat hits you but does no damage.
You take 2 damage, and have 7/27 hp.
Okay, then.
You closely miss the bat.
You feel sick. The bat misses you. The bat hits you.
* * * LOW HITPOINT WARNING * * *
You take 2 damage, and have 5/27 hp.
It was a potion of berserk rage.
A red film seems to cover your vision as you go berserk!
You feel yourself moving faster!
You feel mighty!
You feel sick. The bat hits you.
* * * LOW HITPOINT WARNING * * *
You now have 6/40 hp.
You are too berserk!
Unknown command.
You feel a strong urge to attack something.
You feel sick. The bat hits you but does no damage.
You take 1 damage, and have 5/40 hp.
The bat barely misses you.
You feel your anger nearly subside.
You are no longer berserk.
You are exhausted.
You feel yourself slow down.
* * * LOW HITPOINT WARNING * * *
You feel sick. The bat barely misses you.
You now have 3/27 hp.
It was a potion of invisibility.
You fade into invisibility!
* * * LOW HITPOINT WARNING * * *
You feel sick.
You are no longer poisoned.
The bat hits you.
You die...

#........# .........#
.........#
.........################
....................>...#
........................#
.......##...............#
#########...........†...# #
#.......@.#'##.......##
#########.......b.#.#####..(.(.
........'.........#.# #....(
#########.........#.#####.....
# #.........#........### #
#.........#........# #
#.........#........# #
#.........#........# #
######..######.#####'######


You could see a bat.

Vanquished Creatures
  2 adders (D:2)
  3 ball pythons
  4 endoplasms (D:2)
  A giant cockroach (D:2)
  3 hobgoblins
  5 kobolds
  A quokka (D:2)
  A bat (D:1)
  6 frilled lizards
  3 goblins
  2 rats (D:1)
31 creatures vanquished.

Notes
Turn   | Place    | Note
-------+----------+-------------------------------------------
     0 | D:1      | jasper the Demonspawn Wanderer began the quest for the Orb.
     0 | D:1      | jasper set off with the following items: a +2 dagger, 2
                  | curare-tipped darts, a +0 quarterstaff, a +0 falchion, a +0
                  | robe
     0 | D:1      | Reached XP level 1. HP: 16/16 MP: 1/1
   240 | D:1      | Reached skill level 1 in Staves
   722 | D:1      | Gained mutation: You have sharp fingernails. [demonic
                  | ancestry]
   722 | D:1      | Reached XP level 2. HP: 20/22 MP: 2/2
  1242 | D:2      | Reached skill level 1 in Unarmed Combat
  1736 | D:2      | Reached XP level 3. HP: 8/27 MP: 3/3
  1941 | D:2      | Learned a level 2 spell: Blink
  2397 | D:2      | HP: 1/27 [poisoned by an adder]
  2397 | D:2      | Slain by a bat

Illustrated notes

Levels and vault maps discovered:
D:1:      lightli_arrival_chessboard, layout_loops_ring,
          minmay_misc_feat_more_columns
D:2:      layout_basic, chequers_serial_rivers_micro_c

Skill      XL: |  1  2  3 |
---------------+----------+-----
Staves         | 1 |  1.4
Unarmed Combat | 1 2 |  2.1
Fighting       | |  2.1
Long Blades    | |  1.7
Axes           | |  1.7
Throwing       | |  1.7
Stealth        | |  1.7
Spellcasting   | |  0.2

Action                   || total
-------------------------++-------
Melee: Quarterstaff      ||    39
       Unarmed           ||    55
Throw: Dart              ||     6
       Stone             ||     4
  Use: Scroll            ||     3
       Potion            ||     2
 Stab: Sleeping          ||     3
Armor: Robe              ||     6
       Leather armour    ||    23
Dodge: Dodged            ||    52

Table legend: (Time is in decaauts)
 A = Elapsed time spent in this place.
 B = Non-inter-level travel time spent in this place.
 C = Inter-level travel time spent in this place.
 D = Time resting spent in this place.
 E = Time spent auto-exploring this place.
 F = Levels seen in this place.
 G = Mean time per level.
                   A        B        C        D        E       F      G
               +--------+--------+--------+--------+--------+-----+--------+
         Total |   2401 |   2401 |      0 |   1159 |    892 |   2 | 1200.5 |
       Dungeon |   2401 |   2401 |      0 |   1159 |    892 |   2 | 1200.5 |
               +--------+--------+--------+--------+--------+-----+--------+

Top non-repeatable levels by time:
     D:2: 1370 daAuts
     D:1: 1030 daAuts
